 Dungeon Crawl Stone Soup version 0.15-a0-1537-ge1f089e (webtiles) character file.

640 Avan the Basher (level 7, 0/117 HPs)
             Began as an Ogre Berserker on June 16, 2014.
             Was a Priest of Trog.
             Killed by divine providence
             ... invoked by an orc priest
              (13 damage)
             ... on Level 4 of the Dungeon.
             The game lasted 00:07:03 (3138 turns).

Avan the Basher (Ogre Berserker)                    Turns: 3138, Time: 00:07:04

HP   0/117       AC  4     Str 30      XL: 7   Next: 51%
MP   7/7         EV 10     Int  6      God: Trog [***...]
Gold 266         SH  0     Dex  9      Spells:  0 memorised,  6 levels left

rFire  . . .     SeeInvis .     a - +0 mace
rCold  . . .     Clarity  .     b - +0 animal skin
rNeg   . . .     rCorr    .     (shield restricted)
rPois  .         rRot     .     (helmet restricted)
rElec  .         Spirit   .     t - +0 cloak
SustAb .         Warding  .     (gloves unavailable)
rMut   .         Stasis   .     (boots unavailable)
Gourm  .                        (no amulet)
MR     ++...                    (no ring)
                                (no ring)

@: berserking (expiring), regenerating, very quick, very resistant to hostile
enchantments, extremely unstealthy
A: unfitting armour, tough skin 1
a: Burn Spellbooks, Berserk, Trog's Hand, Renounce Religion


You were on level 4 of the Dungeon.
You worshipped Trog.
Trog was most pleased with you.
You were not hungry.

You visited 1 branch of the dungeon, and saw 4 of its levels.

You collected 266 gold pieces.

Inventory:

Hand weapons
 a - a +0 mace (weapon)
Armour
 b - a +0 animal skin (worn)
 t - a +0 cloak (worn)
Magical devices
 w - a wand of random effects (8) {unknown}
Comestibles
 c - 3 meat rations
 p - a beef jerky
 v - a bread ration
 B - a rotting chunk of ball python flesh
 C - 4 rotting chunks of orc flesh
 D - a rotting chunk of adder flesh
 E - 2 chunks of worm flesh
Scrolls
 d - 2 scrolls of teleportation {unknown}
 f - 2 scrolls of identify {unknown}
 j - a scroll of fear {unknown}
 l - a scroll of blinking {unknown}
 m - a scroll of enchant armour {unknown}
 o - 2 scrolls of fog {unknown}
 s - 4 scrolls of enchant weapon {unknown}
 y - a scroll of immolation {unknown}
 z - a scroll of recharging {unknown}
Jewellery
 u - an uncursed ring of invisibility {unknown}
Potions
 e - a potion of brilliance {unknown}
 g - 6 potions of curing {unknown}
 h - a potion of heal wounds {unknown}
 i - 2 potions of agility {unknown}
 k - a potion of confusion {unknown}
 n - a potion of poison {unknown}
 q - a potion of degeneration {unknown}
 r - a potion of restore abilities {unknown}
 x - a potion of lignification {unknown}


   Skills:
 + Level 7.0 Fighting
 * Level 9.5 Maces & Flails
 - Level 2.9 Dodging


You had 6 spell levels left.
You didn't know any spells.

Dungeon Overview and Level Annotations

Branches:
Dungeon (4/15)
 Temple: D:4-7

Altars:
Ashenzari
Makhleb
Trog
Yredelemnul


Innate Abilities, Weirdness & Mutations

You are too large for most types of armour.
You have tough skin (AC +1).


Message History

* * * LOW HITPOINT WARNING * * *
The orc hits you with a flail!
* * * LOW HITPOINT WARNING * * *
The jackal barely misses you.
You sock the orc priest!
The orc priest is severely wounded.
The jackal bites you.
* * * LOW HITPOINT WARNING * * *
You thump the orc priest!
You kill the orc priest!
Trog accepts your kill.
Your Fighting skill increases to level 7!
The jackal bites you but does no damage.
The orc hits you with a falchion.
* * * LOW HITPOINT WARNING * * *
You barely miss the orc priest. The orc closely misses you.
The jackal barely misses you.
The orc priest calls down the wrath of Beogh upon you.
Something smites you!
You die...

..............'.... #
#.###...#.#####.... .
#.#.####..#.# #....
...##.#.......#.# ###....
.........#=#..#)# #......
.....o#..#.##.#)# #......
.......o)......#.# #.....)
......##oo#.##.#.# #......
......o%h@..##.))# #......
....#...o......).###......
#.#.#.........##......
#.............##......
#####...#....#########
###........>####
#......#.#.<....<#
#$............##.####
......##....#...)...#


You could see an orc priest, 5 orcs and a jackal.

Vanquished Creatures
  Grinder (D:4)
  4 orc priests
  3 orc wizards
  An iguana (D:4)
  6 adders
  4 gnolls (D:2)
  A giant mite (D:1)
  A worm (D:4)
  11 orcs
  A ball python (D:4)
  6 bats
  2 giant cockroaches
  7 goblins
  6 hobgoblins
  5 jackals
  4 giant newts
  A giant newt skeleton (D:4)
  10 kobolds
  A kobold skeleton (D:4)
  12 rats
87 creatures vanquished.

Notes
Turn   | Place    | Note
--------------------------------------------------------------
     0 | D:1      | Avan, the Ogre Berserker, began the quest for the Orb.
     0 | D:1      | Reached XP level 1. HP: 24/24 MP: 1/1
   270 | D:1      | Reached XP level 2. HP: 32/32 MP: 2/2
   309 | D:1      | Found a shattered altar of Ashenzari.
   590 | D:1      | Reached skill level 5 in Maces & Flails
   860 | D:2      | Reached XP level 3. HP: 40/40 MP: 3/3
   870 | D:2      | Acquired Trog's second power
   870 | D:2      | Reached skill level 5 in Fighting
   870 | D:2      | Reached XP level 4. HP: 44/50 MP: 4/4
  1327 | D:2      | Found a bloodstained altar of Trog.
  1352 | D:2      | Reached skill level 6 in Maces & Flails
  1511 | D:2      | Found a burning altar of Makhleb.
  1517 | D:2      | Found a basalt altar of Yredelemnul.
  1835 | D:3      | Reached XP level 5. HP: 44/57 MP: 5/5
  2019 | D:3      | Reached skill level 7 in Maces & Flails
  2672 | D:4      | Noticed Grinder
  2672 | D:4      | Paralysed by Grinder for 6 turns
  2685 | D:4      | Killed Grinder
  2685 | D:4      | Reached skill level 8 in Maces & Flails
  2685 | D:4      | Reached XP level 6. HP: 68/68 MP: 6/6
  2685 | D:4      | Reached XP level 7. HP: 76/76 MP: 7/7
  2838 | D:4      | Reached skill level 9 in Maces & Flails
  3138 | D:4      | Killed from afar by an orc priest

Action                   |  1- 3 |  4- 6 |  7- 9 || total
-------------------------+-------+-------+-------++-------
Melee: Mace              |    51 |   149 |    74 ||   274
Invok: Berserk           |     1 |     2 |     2 ||     5
       Trog's Hand       |       |       |     1 ||     1
